 Dungeon Crawl Stone Soup version 0.16.0-17-g811c1d7 (webtiles) character file.

61981 cachaos the Peltast (level 14, -11/127 HPs)
             Began as a Minotaur Berserker on Mar 17, 2015.
             Was a High Priest of Trog.
             Killed from afar by a hell hound (19 damage)
             ... with a blast of flame
             ... led by Azrael
             ... on level 1 of the Spider Nest on Mar 20, 2015.
             The game lasted 03:56:08 (29667 turns).

cachaos the Peltast (Minotaur Berserker)           Turns: 29667, Time: 03:56:12

Health: -11/127    AC: 19    Str: 18 (26) XL:     14   Next: 62%
Magic:  8/8        EV:  8    Int:  8 (12) God:    Trog [*****.]
Gold:   1652       SH: 21    Dex: 15      Spells: 0 memorised, 13 levels left

rFire  . . .     SeeInvis .     b - +3 hand axe (flame)
rCold  . . .     Clarity  +     r - +0 plate armour
rNeg   . . .     SustAb   .     S - +1 large shield {rPois}
rPois  +         Gourm    .     (helmet restricted)
rElec  .         Spirit   .     (no cloak)
rCorr  .         Warding  .     p - +0 pair of gloves {Dex+3}
rMut   .         Stasis   .     J - +0 pair of boots of Grot {rF- Int+7}
MR     +....                    (no amulet)
Stlth  ..........               g - +2 ring of strength
                                U - ring of poison resistance

@: somewhat resistant to hostile enchantments, extremely unstealthy
A: retaliatory headbutt, horns 2, clarity, deterioration 1, fire resistance 1
a: Burn Spellbooks, Berserk, Trog's Hand, Brothers in Arms, Renounce Religion


You were on level 1 of the Spider Nest.
You worshipped Trog.
Trog was extremely pleased with you.
You were not hungry.

You visited 6 branches of the dungeon, and saw 22 of its levels.

You collected 1840 gold pieces.
You spent 188 gold pieces at shops.

Inventory:

Hand weapons
 a - a +3 antimagic demon whip
 b - a +3 hand axe of flaming (weapon)
 n - a +1 antimagic great mace
 D - a +4 antimagic short sword
 I - a +4 antimagic lajatang
 N - a +1 war axe of pain
 Y - a +1 broad axe of flaming
Missiles
 z - 4 tomahawks (quivered)
 A - 19 bolts
Armour
 f - a +3 shield
 p - a +0 pair of gloves of dexterity (worn)
 r - a +0 plate armour (worn)
 J - the +0 pair of boots of Grot (worn) {rF- Int+7}
   (You found it on level 9 of the Dungeon)

   It affects your intelligence (+7).
   It makes you vulnerable to fire.
 S - a +1 large shield of poison resistance (worn)
Jewellery
 e - an uncursed ring of protection from fire
 g - a +2 ring of strength (right hand)
 l - an uncursed amulet of stasis
 m - an uncursed ring of stealth
 o - an uncursed ring of see invisible {unknown}
 s - an uncursed ring of magical power {unknown}
 v - an uncursed ring of positive energy
 F - an uncursed ring of protection from cold
 M - an uncursed ring of protection from magic {unknown}
 U - a ring of poison resistance (left hand)
Magical devices
 q - a wand of confusion (22)
 t - a wand of disintegration (10)
 w - a wand of cold (2)
 B - a wand of slowing (19)
 R - a wand of frost (32)
 T - a wand of fireball (2)
 Z - a wand of flame (10)
Scrolls
 h - a scroll of brand weapon
 i - 6 scrolls of remove curse
 j - a scroll of acquirement
 k - 2 scrolls of recharging
 y - 6 scrolls of teleportation
 E - 10 scrolls of identify
 L - 4 scrolls of enchant armour
 O - a scroll of enchant weapon
 X - a scroll of magic mapping
Potions
 d - a potion of brilliance {unknown}
 u - 3 potions of invisibility
 x - 5 potions of agility
 C - a potion of might
 G - 9 potions of curing
 H - a potion of restore abilities
 Q - a potion of haste
Comestibles
 K - 7 bread rations
 P - 3 meat rations
 V - 9 beef jerkies


   Skills:
 + Level 12.9 Fighting
 + Level 0.4 Short Blades
 + Level 14.3(14.7) Axes
 + Level 5.7(11.0) Maces & Flails
   Level 0.9(2.8) Slings
 + Level 3.9(4.0) Throwing
 + Level 13.2 Armour
 + Level 8.2 Dodging
 - Level 4.0 Stealth
 + Level 15.6 Shields
 + Level 1.3 Evocations


You had 13 spell levels left.
You didn't know any spells.

Dungeon Overview and Level Annotations

Branches:
Dungeon (10/15)            Temple (1/1) D:6            Lair (8/8) D:10
  Swamp (1/5) Lair:4       Spider (1/5) Lair:3        Slime (1/6) Lair:6
    Orc (0/4) D:10

Altars:
Ashenzari
Cheibriados
Dithmenos
Elyvilon
Fedhas
Gozag
Kikubaaqudgha
Makhleb
Nemelex Xobeh
Okawaru
Qazlal
Ru
Sif Muna
Trog
Vehumet
Xom
Yredelemnul
Zin
The Shining One
Beogh
Jiyva

Shops:
D:7 (

Annotations:
Spider:1 Azrael


Innate Abilities, Weirdness & Mutations

You reflexively headbutt those who attack you in melee.
You have a pair of horns on your head.
You possess an exceptional clarity of mind.
Your body is slowly deteriorating.
Your flesh is heat resistant.


Message History

The jumping spider bites you but does no damage.
The fire elemental hits you. The fire elemental burns you!
The jumping spider leaps!
The fire elemental hits you. The fire elemental burns you!
* * * LOW HITPOINT WARNING * * *
You block the fire elemental's attack. The hell hound breathes flames at you.
The blast of flame hits the hell hound.
The hell hound completely resists.
The blast of flame hits you!
* * * LOW HITPOINT WARNING * * *
Drink which item? (? for menu, Esc to quit)
Okay, then.
Read which item? (? for menu, Esc to quit)
As you read the scroll of fear, it crumbles to dust.
You assume a fearsome visage.
The fire elemental is unaffected.
The hell hound is unaffected. x2
You block the fire elemental's attack. The hell hound breathes flames at you.
The blast of flame hits you!
You die...

##### #####
#...#####....#
#..s§§.h####
#.§§§#hE@..#
#..#.##...##
###$.##.####.##
#...........#.##
#..#.#.....##..###
#...###..###.#....#
#........##.##.#..#
§§.§...####...###..##
#..#####^......#....#
##.


You could see a fire elemental, a jumping spider and 2 hell hounds.

Vanquished Creatures
  4 hydras
  20 death yaks
  3 catoblepae
  Erolcha (D:8)
  A hill giant (D:10)
  4 griffons
  12 spiny frogs
  4 elephants (Lair:4)
  4 black mambas
  A torpor snail (Lair:5)
  A demonic crawler (Spider:1)
  6 komodo dragons
  5 fire drakes
  A troll (D:10)
  A polar bear (Lair:7)
  39 blink frogs
  A boulder beetle (Lair:8)
  4 basilisks
  3 deep elf magi
  2 redbacks
  51 yaks
  A trapdoor spider (Spider:1)
  3 hungry ghosts
  A wyvern (D:9)
  7 hippogriffs
  22 wolves
  10 porcupines
  Edmund (D:7)
  Menkaure (D:5)
  3 swamp worms (Lair:4)
  A mottled dragon (Lair:2)
  6 sky beasts
  4 orc warriors
  A hell hound (Spider:1)
  16 water moccasins
  8 spiders (Lair:3)
  An ice beast (D:10)
  18 crocodiles
  A phantom (D:8)
  The ghost of rjames93 the Conjurer, an average DrCj (D:4)
  A centaur (D:10)
  A necrophage (D:7)
  6 ogres
  Duvessa (D:4)
  A big kobold (D:8)
  Blork the orc (D:5)
  A wyvern skeleton (D:8)
  9 giant frogs
  3 scorpions
  5 killer bees (D:10)
  A lava snake (D:9)
  3 electric eels
  17 hounds
  11 jellies
  Dowan (D:4)
  7 crimson imps
  2 goliath beetles (D:9)
  4 orc priests
  2 orc wizards (D:9)
  A gnoll shaman (D:9)
  A quasit (D:10)
  A giant frog skeleton (D:5)
  Natasha (D:4)
  4 iguanas
  7 worker ants
  22 sheep
  A hound zombie (D:10)
  A worker ant zombie (D:7)
  A hound skeleton (D:10)
  27 adders
  73 river rats
  4 giant mites
  9 gnolls (D:9)
  A shadow imp (D:3)
  A worm (D:4)
  3 giant geckos (D:2)
  3 oozes
  56 orcs
  2 bat skeletons
  4 giant cockroaches
  17 goblins
  19 hobgoblins
  13 jackals
  19 kobolds
  16 quokkas
  2 ball pythons
  13 bats
  A giant gecko skeleton (D:8)
  2 giant newts (D:2)
  A giant spore (D:7)
  12 rats
  A ballistomycete (D:7)
  14 fungi
  8 plants
712 creatures vanquished.

Vanquished Creatures (others)
  A yak (D:9)
  A big kobold (D:9)
  A giant frog (D:9)
  2 hounds
  A giant gecko (D:9)
  2 orcs (D:9)
  A hobgoblin (D:6)
  3 kobolds (D:9)
  A giant newt (D:6)
  A giant spore (D:10)
  7 fungi
  A plant (Lair:7)
22 creatures vanquished.

Grand Total: 734 creatures vanquished

Notes
Turn   | Place    | Note
--------------------------------------------------------------
     0 | D:1      | cachaos, the Minotaur Berserker, began the quest for the Orb.
     0 | D:1      | Reached XP level 1. HP: 19/19 MP: 1/1
   344 | D:1      | Reached XP level 2. HP: 25/27 MP: 1/1
   406 | D:1      | Reached skill level 4 in Fighting
   557 | D:1      | Acquired Trog's second power
   649 | D:1      | Reached XP level 3. HP: 33/33 MP: 2/2
  1384 | D:2      | Reached XP level 4. HP: 37/41 MP: 2/2
  1404 | D:2      | Reached skill level 1 in Shields
  1943 | D:3      | Found a bloodstained altar of Trog.
  2090 | D:3      | Found an iron altar of Okawaru.
  2737 | D:4      | Reached XP level 5. HP: 47/47 MP: 2/2
  2756 | D:4      | Noticed rjames93's ghost (average DrCj)
  2766 | D:4      | Killed rjames93's ghost
  2766 | D:4      | Reached skill level 1 in Maces & Flails
  3298 | D:4      | Noticed an orc warrior
  3299 | D:4      | Noticed an ice beast
  3387 | D:4      | Reached skill level 1 in Stealth
  3409 | D:4      | Acquired Trog's third power
  3626 | D:4      | Noticed Duvessa
  3628 | D:4      | Noticed Dowan
  3633 | D:4      | Killed Dowan
  3633 | D:4      | Reached XP level 6. HP: 55/55 MP: 0/3
  3636 | D:4      | Killed Duvessa
  3646 | D:4      | Reached skill level 5 in Fighting
  4166 | D:5      | Entered Level 5 of the Dungeon
  4166 | D:5      | Noticed Natasha
  4166 | D:5      | Noticed Menkaure
  4411 | D:4      | Killed Natasha
  4413 | D:4      | Reached skill level 1 in Throwing
  4629 | D:5      | Noticed Blork the orc
  4638 | D:5      | Killed Blork the orc
  4638 | D:5      | Reached XP level 7. HP: 61/61 MP: 3/3
  4797 | D:5      | Reached skill level 5 in Armour
  4915 | D:5      | Found a basalt altar of Yredelemnul.
  5057 | D:5      | Reached skill level 5 in Dodging
  5060 | D:5      | Killed Menkaure
  5060 | D:5      | Reached XP level 8. HP: 56/68 MP: 3/3
  5594 | D:6      | Found a staircase to the Ecumenical Temple.
  5604 | Temple   | Entered the Ecumenical Temple
  5771 | D:6      | Reached skill level 5 in Shields
  5959 | D:7      | Found a stormy altar of Qazlal.
  5959 | D:7      | Found a blossoming altar of Fedhas.
  6119 | D:7      | Noticed Edmund
  6127 | D:7      | Killed Edmund
  6127 | D:7      | Reached skill level 6 in Dodging
  6391 | D:7      | Found Homa's Weapon Emporium.
  6401 | D:7      | Bought a +1 war axe of pain for 188 gold pieces
  6723 | D:7      | Reached skill level 5 in Axes
  7240 | D:7      | Reached XP level 9. HP: 75/75 MP: 4/4
  7476 | D:8      | Gained mutation: You possess an exceptional clarity of mind. [potion of mutation]
  7476 | D:8      | Gained mutation: Your flesh is heat resistant. [potion of mutation]
  7476 | D:8      | Gained mutation: Your body is slowly deteriorating. [potion of mutation]
  7536 | D:8      | Found a burning altar of Makhleb.
  7536 | D:8      | Noticed a green death
  7542 | D:8      | Found a glowing silver altar of Zin.
  7542 | D:8      | Noticed an angel
  7759 | D:8      | Found a glowing golden altar of the Shining One.
  8260 | D:8      | Reached skill level 7 in Shields
  8280 | D:8      | Noticed Erolcha
  8287 | D:8      | Killed Erolcha
  8615 | D:8      | Received a gift from Trog
  8712 | D:8      | Reached skill level 8 in Shields
  8712 | D:8      | Reached XP level 10. HP: 73/84 MP: 4/4
  9164 | D:9      | Found a snail-covered altar of Cheibriados.
  9227 | D:9      | Got a pair of brightly glowing boots
  9233 | D:9      | Identified the +0 pair of boots of Grot {rF- Int+7} (You found it on level 9 of the Dungeon)
  9367 | D:9      | Found a shimmering altar of Xom.
  9415 | D:9      | Found a shattered altar of Ashenzari.
  9880 | D:9      | Found a deep blue altar of Sif Muna.
 10150 | D:10     | Entered Level 10 of the Dungeon
 10332 | D:10     | Reached skill level 9 in Shields
 10333 | D:10     | Found a staircase to the Lair.
 10334 | D:10     | Received a gift from Trog
 10829 | D:10     | Found a roughly hewn altar of Beogh.
 11119 | D:10     | Noticed a hill giant
 11134 | D:10     | Killed a hill giant
 11134 | D:10     | Reached skill level 10 in Shields
 11247 | D:10     | Found a staircase to the Orcish Mines.
 11493 | D:10     | Noticed a hornet
 11553 | D:10     | Reached XP level 11. HP: 82/95 MP: 4/4
 12243 | D:10     | Received a gift from Trog
 12320 | Lair:1   | Entered Level 1 of the Lair of Beasts
 12969 | Lair:1   | Received a gift from Trog
 13618 | Lair:1   | Reached skill level 5 in Maces & Flails
 13623 | Lair:1   | Reached skill level 11 in Shields
 14186 | Lair:1   | Reached skill level 10 in Fighting
 14345 | Lair:1   | Reached skill level 10 in Axes
 15295 | Lair:2   | Received a gift from Trog
 15295 | Lair:2   | Reached XP level 12. HP: 83/106 MP: 5/5
 15640 | Lair:2   | Noticed a six-headed hydra
 15661 | Lair:2   | Killed a one-headed hydra
 15661 | Lair:2   | Reached skill level 12 in Shields
 17793 | Lair:3   | Reached skill level 10 in Armour
 17911 | Lair:3   | Found a hole to the Spider Nest.
 18121 | Spider:1 | Entered Level 1 of the Spider Nest
 19072 | Lair:3   | Reached skill level 1 in Evocations
 19075 | Lair:3   | Received a gift from Trog
 19694 | Lair:4   | Reached skill level 13 in Shields
 20134 | Lair:4   | Found a staircase to the Swamp.
 20160 | Swamp:1  | Entered Level 1 of the Swamp
 20896 | Lair:5   | Reached XP level 13. HP: 103/116 MP: 7/7
 21077 | Lair:5   | Received a gift from Trog
 21086 | Lair:5   | Identified a scroll of acquirement
 21087 | Lair:5   | Found an ancient bone altar of Kikubaaqudgha.
 21264 | Lair:5   | Noticed a five-headed hydra
 21273 | Lair:5   | Killed a one-headed hydra
 22283 | Lair:6   | Reached skill level 14 in Shields
 23261 | Lair:6   | Found a glowing silver altar of Zin.
 23304 | Lair:6   | Found a runed door.
 23359 | Lair:6   | Found a viscous altar of Jiyva.
 23365 | Lair:6   | Found a staircase to the Slime Pits.
 23370 | Lair:6   | Received a gift from Trog
 23696 | Slime:1  | Entered Level 1 of the Pits of Slime
 23696 | Slime:1  | Noticed an azure jelly
 23887 | Lair:6   | Upgraded the game from 0.16.0-11-gd45b091 to 0.16.0-17-g811c1d7
 24538 | Lair:7   | Received a gift from Trog
 24775 | Lair:8   | Entered Level 8 of the Lair of Beasts
 24791 | Lair:8   | Reached XP level 14. HP: 118/126 MP: 7/7
 25390 | Lair:8   | Reached skill level 15 in Shields
 26825 | Lair:8   | Received a gift from Trog
 29642 | Spider:1 | Noticed Azrael
 29667 | Spider:1 | Killed from afar by a hell hound

Action                   |  1- 3 |  4- 6 |  7- 9 | 10-12 | 13-15 || total
-------------------------+-------+-------+-------+-------+-------++-------
Melee: Hand axe          |    78 |    28 |       |   708 |   804 ||  1618
       Mace              |       |    58 |    95 |       |       ||   153
       Long sword        |       |     7 |       |       |       ||     7
       Short sword       |       |     3 |       |       |       ||     3
       War axe           |       |       |   145 |   100 |       ||   245
       Demon whip        |       |       |       |   312 |       ||   312
 Fire: Hunting sling     |       |       |     2 |       |       ||     2
Throw: Tomahawk          |       |    14 |       |    29 |     3 ||    46
       Stone             |       |     4 |       |       |       ||     4
Invok: Berserk           |       |     2 |     2 |     2 |     3 ||     9
       Trog's Hand       |       |       |     1 |       |       ||     1
       Burn Spellbooks   |       |       |       |     1 |       ||     1
Evoke: Wand              |       |       |       |     7 |    10 ||    17
  Use: Scroll            |     5 |     2 |     3 |    14 |     9 ||    33
       Potion            |     4 |     4 |     4 |     1 |     2 ||    15
 Stab: Sleeping          |       |     1 |     6 |       |       ||     7
       Petrified         |       |       |       |       |     2 ||     2
       Petrifying        |       |       |       |       |     1 ||     1
  Eat: Meat ration       |     1 |       |       |     6 |       ||     7
       Bread ration      |       |     2 |     3 |     1 |     4 ||    10
       Beef jerky        |       |       |     2 |       |       ||     2
       Fruit             |       |       |       |     4 |     2 ||     6
       Chunk             |       |       |       |     4 |     1 ||     5
       Pizza             |       |       |       |       |     7 ||     7
       Royal jelly       |       |       |       |       |     1 ||     1
